 Dungeon Crawl Stone Soup version 0.31.0-11-ge490571c62 (webtiles) character file.

Game seed: 3578634069977540228

72 qw the Shooter (level 4, 0/25 HPs)
             Began as a Deep Elf Hunter on Feb 3, 2024.
             Succumbed to an adder's poison
             ... on level 2 of the Dungeon.
             The game lasted 00:00:04 (1142 turns).

qw the Shooter (Deep Elf Hunter)                    Turns: 1142, Time: 00:00:05

Health: 0/25       AC:  6    Str: 10    XL:     4   Next: 7%
Magic:  6/6        EV:  9    Int: 14    God:
Gold:   76         SH:  0    Dex: 18    Spells: 3/3 levels left

rFire   . . .        a - +0 shortbow
rCold   . . .        (shield currently unavailable)
rNeg    . . .        f - +0 scale mail
rPois   +            (no helmet)
rElec   .            (no cloak)
rCorr   .            (no gloves)
SInv    +            (no boots)
Will    .....        (no amulet)
Stlth   +            e - ring of poison resistance
HPRegen 0.24/turn    h - ring of see invisible
MPRegen 0.10/turn

%: no passive effects
@: lethally poisoned (0 -> -11)
A: no striking features
a: no special abilities


You were on level 2 of the Dungeon.
You visited 1 branch of the dungeon, and saw 2 of its levels.

You collected 76 gold pieces.


   Skills:
 - Level 1.5 Fighting
 + Level 7.5 Ranged Weapons
 - Level 2.4 Dodging
 - Level 1.2 Stealth


You had 3 spell levels left.
You didn't know any spells.
Your spell library was empty.

Inventory:

Hand Weapons
 a - a +0 shortbow (weapon)
Armour
 f - a +0 scale mail (worn)
Jewellery
 e - a ring of poison resistance (left hand)
 h - a ring of see invisible (right hand)
Wands
 b - a wand of paralysis (10)
Scrolls
 d - a scroll of identify
Potions
 c - 2 potions of heal wounds {unknown}
 k - a potion of might {unknown}

Dungeon Overview and Level Annotations

Branches:
Dungeon (2/15)

Altars:


Message History

The adder misses you. The adder closely misses you.
You shoot an arrow. The arrow closely misses the adder.
The adder closely misses you.
You shoot an arrow.
The arrow hits the adder but does no damage.
The adder is lightly wounded.
The adder bites you. The adder bites you but does no damage.
You shoot an arrow. The arrow closely misses the adder.
The adder closely misses you. The adder bites you.
You shoot an arrow. The arrow barely misses the adder.
The adder completely misses you. The adder bites you but does no damage.
You shoot an arrow. The arrow closely misses the adder.
The adder bites you.
You shoot an arrow. The arrow closely misses the adder.
The adder bites you.
You are poisoned.
The adder poisons you! The adder bites you.
You are more poisoned.
The adder poisons you!
You shoot an arrow. The arrow closely misses the adder.
You feel very sick. The adder barely misses you. The adder bites you.
You shoot an arrow. The arrow misses the adder.
You feel sick.
The adder bites you but does no damage. x2
You shoot an arrow. The arrow closely misses the adder.
You feel sick. The adder closely misses you.
You shoot an arrow. The arrow closely misses the adder.
You feel sick. The adder bites you.
You are more poisoned.
The adder poisons you! The adder bites you but does no damage.
You shoot an arrow. The arrow barely misses the adder.
You feel very sick.
The adder bites you but does no damage. x2
You shoot an arrow. The arrow misses the adder.
You feel sick. The adder bites you but does no damage. The adder bites you.
You are more poisoned.
The adder poisons you!
You shoot an arrow.
The arrow hits the adder but does no damage.
You die...

........#####.###### ##.##
.........<.........###..###...
##....######.#####..........#
.###....###.<# ####.###...#
.....##.....### #.# .#.#
#...######....## #.# # ..
..#..###..%.#..## #... ..
.###.#...#####..####...# . ##
#...## ##....@S....## #..#
#...##.......# #####..###.##
####....# ...........## ..#..#
####........### .....
#..........# ##.##
####...#......# .#
......#<#..... .
###..%.#).....#


You could see an adder.

Vanquished Creatures
  3 adders (D:2)
  A ribbon worm (D:2)
  3 bats (D:1)
  5 endoplasms (D:1)
  2 giant cockroaches
  3 hobgoblins
  3 ball pythons (D:2)
  3 frilled lizards
  9 goblins
  6 kobolds
  4 rats
42 creatures vanquished.

Notes
Turn   | Place    | Note
-------+----------+-------------------------------------------
     0 | D:1      | qw the Deep Elf Hunter began the quest for the Orb.
     0 | D:1      | Reached XP level 1. HP: 12/12 MP: 3/3
     0 | D:1      | 0 ||| qw: Version: 0.3-a-158-g18b3111
     0 | D:1      | 0 ||| qw: Game counter: 4151
     0 | D:1      | 0 ||| qw: Melee chars always use a shield: true
     0 | D:1      | 0 ||| qw: God list: Okawaru
     0 | D:1      | 0 ||| qw: Allow faded altars: false
     0 | D:1      | 0 ||| qw: Do Orc after clearing Dungeon:15 true
     0 | D:1      | 0 ||| qw: Do second Lair branch before Depths: true
     0 | D:1      | 0 ||| qw: Lair rune preference: random
     0 | D:1      | 0 ||| qw: Goals: Normal
     0 | D:1      | 0 ||| PLANNING D:1-11
   167 | D:1      | Reached XP level 2. HP: 9/16 MP: 4/4
   250 | D:1      | Reached skill level 6 in Ranged Weapons
   266 | D:1      | HP: 3/16 [frozen (4)]
   760 | D:1      | 760 ||| UPGRADING to +0 scale mail.
   770 | D:1      | 770 ||| DROPPING +0 leather armour.
   771 | D:1      | 771 ||| UPGRADING to ring of poison resistance.
   772 | D:1      | 772 ||| UPGRADING to ring of see invisible.
   773 | D:1      | 773 ||| READING 2 scrolls labelled ZADDOB POLU JEDDO.
   773 | D:1      | 773 ||| IDENTIFYING viscous orange potion
   774 | D:1      | 774 ||| READING scroll of identify.
   774 | D:1      | 774 ||| IDENTIFYING smoky dark potion
   775 | D:1      | 775 ||| READING scroll labelled NIOMIRIATAX.
   780 | D:1      | 780 ||| DROPPING scroll of butterflies.
   781 | D:1      | 781 ||| DROPPING potion of degeneration.
   782 | D:1      | 782 ||| DROPPING potion of magic.
   836 | D:2      | 836 ||| STAIRDANCE
   894 | D:2      | Reached XP level 3. HP: 20/20 MP: 5/5
   940 | D:2      | Reached skill level 7 in Ranged Weapons
  1040 | D:2      | Reached XP level 4. HP: 22/25 MP: 6/6
  1141 | D:2      | HP: 4/25 [adder (3)]
  1142 | D:2      | Succumbed to an adder's poison

Levels and vault maps discovered:
D:1:      scummos_arrival_star, layout_basic, hangedman_decor_growths
D:2:      layout_rooms, basic_altar, st_stairs_14

Skill      XL: |  1  2  3 |
---------------+----------+-----
Ranged Weapons | 6 7 |  7.5
Fighting       | |  1.5
Dodging        | |  2.4
Stealth        | |  1.2

Action                     |  1- 3 |  4- 6 || total
---------------------------+-------+-------++-------
   Fire: Shortbow          |   140 |    23 ||   163
    Use: Scroll            |     3 |       ||     3
 Armour: Leather armour    |    25 |       ||    25
         Scale mail        |    39 |    17 ||    56
  Dodge: Dodged            |    70 |    12 ||    82

Table legend:
 A = Non-vault XP
 B = Vault XP
 C = Vault XP percentage of total XP
 D = Non-vault monster count
 E = Vault monster count
 F = Vault count percentage of total count
                 A         B        C        D         E       F
            +---------+---------+-------+---------+---------+-------
      Total |     102 |       2 |   1.9 |      40 |       2 |   4.8
            +---------+---------+-------+---------+---------+-------
        D:1 |      36 |       1 |   2.7 |      22 |       1 |   4.3
        D:2 |      66 |       1 |   1.5 |      18 |       1 |   5.3
            +---------+---------+-------+---------+---------+-------
